 Dungeon Crawl Stone Soup version 0.31.0-32-g396128a36d (webtiles) character file.

Game seed: 10623703448488615106

803 Fractals the Changeling (level 7, 0/61 HPs)
             Began as a White Draconian Shapeshifter on Apr 4, 2024.
             Was an Initiate of Qazlal.
             Slain by a yak (4 damage)
             ... on level 4 of the Dungeon.
             The game lasted 00:07:49 (3691 turns).

Fractals the Changeling (DrSh)                      Turns: 3691, Time: 00:07:50

Health: 0/61       AC:  6    Str: 17 (18) XL:     7   Next: 59%
Magic:  7/7        EV: 12    Int: 10 (11) God:    Qazlal [......]
Gold:   198        SH:  0    Dex: 14 (16) Spells: 6/6 levels left

rFire   + .          .
                       - Unarmed
rCold   + . .        (no shield)
rNeg    . . .        (body armour unavailable)
rPois   .            (helmet currently unavailable)
rElec   .            (cloak currently unavailable)
rCorr   .            k - melded +0 pair of gloves
SInv    .            (boots currently unavailable)
Will    .....        (no amulet)
Stlth   +            d - ring of protection from fire
HPRegen 0.30/turn    i - +6 ring of dexterity
MPRegen 0.10/turn

%: no passive effects
@: beast-form
A: beast (slay +3), breathe frost, AC +6, unfitting armour, cold resistance 1,
cold-blooded
a: Breathe Frost, Begin Untransformation, Renounce Religion


You were on level 4 of the Dungeon.
You worshipped Qazlal.
Qazlal was noncommittal.
You were a hulking beast.
You visited 2 branches of the dungeon, and saw 6 of its levels.

You collected 198 gold pieces.

Inventory:

Armour
 k - a +0 pair of gloves (melded)
Jewellery
 d - a ring of protection from fire (left hand)
 i - a +6 ring of dexterity (right hand)
Talismans
 b - a beast talisman (active)
 c - a flux talisman
Wands
 g - a wand of paralysis (5)
Scrolls
 a - 3 scrolls of identify {unknown}
 e - a scroll of immolation {unknown}
 f - a scroll of fear {unknown}
 h - 2 scrolls of teleportation {unknown}
 j - a scroll of vulnerability {unknown}
Potions
 o - a potion of curing {unknown}


   Skills:
 - Level 5.0 Fighting
 - Level 2.2 Dodging
 - Level 4.3 Unarmed Combat
 + Level 6.4 Shapeshifting


You had 6 spell levels left.
You didn't know any spells.
Your spell library contained the following spells:

 Spells                   Type           Power      Damage    Failure   Level
 Summon Small Mammal      Summ           0%         N/A       36%         1
 Call Canine Familiar     Summ           0%         N/A       75%         3
 Summon Blazeheart Golem  Fire/Summ      0%         N/A       98%         4


Dungeon Overview and Level Annotations

Branches:
Dungeon (5/15)             Temple (1/1) D:4

Altars:
Ashenzari
Cheibriados
Dithmenos
Elyvilon
Fedhas
Gozag
Kikubaaqudgha
Qazlal
Sif Muna
Uskayaw
Wu Jian
Xom
Yredelemnul
Zin

Shops:
D:1 (:[*(

Annotations:
D:4 1 runed translucent door, Crazy Yiuf


Innate Abilities, Weirdness & Mutations

You are a hulking beast.
Your limbs bulge with bestial killing power. (Slay +3)
You can breathe waves of freezing cold which knock back foes.
Your icy white scales are hard. (AC +6)
You cannot fit into any form of body armour.
Your flesh is cold resistant. (rC+)
You are cold-blooded and may be slowed by cold attacks.


Message History

You punch the yak!
Your tail-slap misses the yak.
The yak is moderately wounded.
The yak gores you. The yak gores you but does no damage.
You hit the yak.
The yak is heavily wounded.
The yak misses you.
You hit the yak but do no damage.
The yak is heavily wounded.
The yak gores you but does no damage. The yak gores you!
You hit the yak but do no damage.
The yak is heavily wounded.
The yak gores you! The yak gores you.
You hit the yak.
The yak is heavily wounded.
The yak gores you! The yak closely misses you.
You punch the yak!
The yak is severely wounded.
The yak closely misses you. The yak barely misses you.
You hit the yak but do no damage.
The yak is severely wounded.
The yak barely misses you. The yak gores you!
You hit the yak.
You tail-slap the yak, but do no damage.
The yak is severely wounded.
The yak gores you but does no damage. The yak barely misses you.
You hit the yak.
The yak is almost dead.
The yak gores you.
You hit the yak.
The yak is almost dead.
The yak closely misses you. The yak gores you.
* * * LOW HITPOINT WARNING * * *
You hit the yak.
The yak is almost dead.
The yak closely misses you. The yak gores you!
* * * LOW HITPOINT WARNING * * *
Unknown command.
It was a potion of magic.
Magic courses through your body. The yak closely misses you. The yak gores you.
You die...

#....##.......#.#>.###.# #
#....###...........###.## #
#....####.#####.#.......###
##.........####.......>.##.
#.........##.+.........##.
#.........##.#..........#.
####.........##รท#..........#.
#............##.#..........'.
#...........hY.............##
#...........Y##...####.....#
#.................#........##
#......#.#........#..........
#......#.#....#..............
#.<.............##...........
#......#.#...............####
########.................####
###.###........##.#...


You could see 2 yaks.

Vanquished Creatures
  Grinder (D:3)
  2 yaks (D:4)
  A scorpion (D:4)
  A bombardier beetle (D:3)
  Jessica (D:3)
  Ijyb (D:3)
  3 orc wizards
  A gnoll (D:4)
  2 adders (D:4)
  4 dart slugs
  A ribbon worm (D:3)
  7 orcs
  2 ball pythons
  3 bats
  5 endoplasms
  7 giant cockroaches
  A goblin (D:3)
  4 hobgoblins
  A quokka (D:2)
  4 frilled lizards (D:2)
  7 kobolds
  5 rats
  A butterfly (D:4)
65 creatures vanquished.

Notes
Turn   | Place    | Note
-------+----------+-------------------------------------------
     0 | D:1      | Fractals the Draconian Shapeshifter began the quest for the
                  | Orb.
     0 | D:1      | Reached XP level 1. HP: 16/16 MP: 1/1
   124 | D:1      | Found Wanko's Armour Boutique.
   154 | D:1      | Found Ikhuyti's Book Emporium.
   274 | D:1      | Found Himulyock's Antique Weapon Shop.
   364 | D:1      | Found Pileffoi's General Store.
   409 | D:1      | Found Qatifev's Weapon Shoppe.
   496 | D:2      | Reached XP level 2. HP: 22/23 MP: 2/2
   826 | D:2      | Reached XP level 3. HP: 21/29 MP: 3/3
  1338 | D:3      | Reached XP level 4. HP: 31/37 MP: 4/4
  1452 | D:3      | Found a broken altar of Ashenzari.
  1453 | D:3      | Noticed Grinder
  1488 | D:3      | Paralysed by Grinder for 4 turns
  1500 | D:3      | Killed Grinder
  1501 | D:3      | Reached skill level 4 in Shapeshifting
  1501 | D:3      | Reached XP level 5. HP: 46/46 MP: 5/5
  1501 | D:3      | Reached XP level 6. HP: 52/52 MP: 6/6
  1783 | D:3      | Found a glowing silver altar of Zin.
  1783 | D:3      | Noticed an angel
  1784 | D:3      | Found a shimmering altar of Xom.
  1901 | D:3      | Noticed Jessica
  1902 | D:3      | Noticed Ijyb
  1907 | D:3      | Killed Jessica
  1912 | D:3      | Paralysed by Ijyb for 4 turns
  1923 | D:3      | Killed Ijyb
  2250 | D:4      | Found a staircase to the Ecumenical Temple.
  2276 | Temple   | Entered the Ecumenical Temple
  2281 | Temple   | Became a worshipper of Qazlal Stormbringer
  2447 | D:4      | Found a runed translucent door.
  2448 | D:4      | Noticed Crazy Yiuf
  2499 | D:4      | Reached skill level 5 in Shapeshifting
  2701 | D:4      | Reached skill level 5 in Fighting
  2941 | D:5      | Entered Level 5 of the Dungeon
  2941 | D:5      | Noticed a yak
  2941 | D:5      | Noticed a yak
  2941 | D:5      | Noticed a yak
  2941 | D:5      | Noticed a yak
  3250 | D:4      | Killed a yak
  3251 | D:4      | Your scales start taking on an icy white colour.
  3251 | D:4      | Reached XP level 7. HP: 24/61 MP: 7/7
  3251 | D:4      | Gained mutation: Your flesh is cold resistant. (rC+) [White
                  | Draconian growth]
  3259 | D:4      | Killed a yak
  3260 | D:4      | Reached skill level 6 in Shapeshifting
  3691 | D:4      | Slain by a yak

Illustrated notes

Levels and vault maps discovered:
D:1:      psy_arrival_fountain, layout_rooms, serial_shops,
          nicolae_shop_behind_doors, nicolae_shop_behind_doors, shop,
          nicolae_shop_hallway_plus, shop
D:2:      layout_basic, grunt_decor_cap, minmay_worlds_worst_comb
D:3:      layout_loops_corners, grunt_temple_overflow_order_and_chaos_1,
          ashenzari_altar_1, uniq_grinder, uniq_ijyb, uniq_jessica
D:4:      layout_basic, minmay_temple_entry_butterflies, serial_bayou_crossing,
          uniq_crazy_yiuf_cottage
D:5:      layout_basic, nemelex_xobeh_ov_fountains_minmay, serial_aquarium,
          aquarium_bridge_square [aquarium_subvault_bridge,
          aquarium_subvault_bridge, aquarium_subvault_wall,
          aquarium_subvault_wall], aquarium_bridge_square
          [aquarium_subvault_bridge, aquarium_subvault_bridge,
          aquarium_subvault_bridge, aquarium_subvault_wall],
          aquarium_window_fake, aquarium_window_fake, aquarium_view_2e,
          aquarium_view_2d, aquarium_pool_S
Temple:   minmay_freezing_vapour_temple

Skill      XL: |  1  2  3  4  5  6  7 |
---------------+----------------------+-----
Dodging        | 2 |  2.2
Fighting       | 2 4 5 |  5.0
Unarmed Combat | 4 |  4.3
Shapeshifting  | 4 5 6 |  6.4

Action                     |  1- 3 |  4- 6 |  7- 9 || total
---------------------------+-------+-------+-------++-------
  Melee: Unarmed           |   100 |   102 |    25 ||   227
         Tailslap          |    13 |    10 |     3 ||    26
         Punch             |     3 |     4 |       ||     7
Ability: Breathe Frost     |       |       |     1 ||     1
  Evoke: Wand              |       |       |     1 ||     1
    Use: Potion            |       |     5 |     1 ||     6
   Stab: Sleeping          |     1 |     1 |       ||     2
 Armour: Skin              |    51 |    61 |    24 ||   136
  Dodge: Dodged            |    43 |    48 |    19 ||   110
   Form: Beast             |       |     2 |       ||     2
                           |       |     1 |       ||     1
